 Dungeon Crawl Stone Soup version 0.21.1-1-g345015f (webtiles) character file.

730 tev the Covert (level 7, -7/35 HPs)
             Began as a Spriggan Assassin on July 28, 2018.
             Shot with an arrow by a centaur (9 damage)
             ... on level 5 of the Dungeon.
             The game lasted 00:29:14 (6022 turns).

tev the Covert (Spriggan Assassin)                  Turns: 6022, Time: 00:29:14

Health: -7/35      AC:  4    Str:  7    XL:     7   Next: 44%
Magic:  8/8        EV: 21    Int: 12    God:
Gold:   186        SH:  0    Dex: 20    Spells: 6/6 levels left

rFire    + . .     SeeInvis +   l - +1 dagger (venom)
rCold    . . .     Gourm    .   (shield restricted)
rNeg     . . .     Faith    .   c - +0 robe
rPois    .         Spirit   .   (helmet restricted)
rElec    .         Reflect  .   d - +1 cloak
rCorr    .         Harm     .   (gloves unavailable)
MR       +....                  (boots unavailable)
Stlth    +++++.....             (no amulet)
HPRegen  0.11/turn              f - ring of wizardry (curse)
MPRegen  0.11/turn              t - ring of protection from fire

@: very quick
A: very small, unfitting armour, see invisible, herbivore, speed 3, slow
metabolism 2
a: no special abilities


You were on level 5 of the Dungeon.
You were not hungry.

You visited 1 branch of the dungeon, and saw 5 of its levels.

You collected 186 gold pieces.

Inventory:

Hand Weapons
 l - a +1 dagger of venom (weapon)
Armour
 c - a +0 robe (worn)
 d - a +1 cloak (worn)
Jewellery
 b - a cursed ring of teleportation
 f - a cursed ring of wizardry (left hand)
 j - a +6 amulet of reflection {unknown}
 t - a ring of protection from fire (right hand)
Wands
 r - a wand of flame (34)
 u - a wand of random effects (32)
Scrolls
 a - 2 scrolls of remove curse
 e - 5 scrolls of teleportation
 h - a scroll of blinking
 k - 3 scrolls of identify
 m - a scroll of amnesia
Potions
 i - a potion of heal wounds {unknown}
 n - 4 potions of curing
 o - a potion of mutation {unknown}
 p - 2 potions of flight
 q - a potion of lignification {unknown}
 v - 2 potions of magic {unknown}
Books
 s - a book of Cantrips

   Spells                             Type                      Level
   a - Confusing Touch                Hexes                        1
   b - Animate Skeleton               Necromancy                   1
   c - Summon Small Mammal            Summoning                    1
   d - Apportation                    Translocation                1
Comestibles
 g - 9 rations


   Skills:
 + Level 2.2 Fighting
 * Level 5.6 Short Blades
 - Level 2.4 Throwing
 + Level 4.9 Dodging
 - Level 10.0 Stealth


You had 6 spell levels left.
You didn't know any spells.

Dungeon Overview and Level Annotations

Branches:
Dungeon (5/15)
 Temple: D:4-7

Altars:
Cheibriados


Innate Abilities, Weirdness & Mutations

You are very small and have problems with some larger weapons.
You are too small for most types of armour.
You have supernaturally acute eyesight. (SInv)
You are a herbivore.
You cover ground extremely quickly.
You need consume almost no food.


Message History

The centaur hits you!
You barely miss the centaur.
The centaur is moderately wounded.
The centaur completely misses you.
You barely miss the centaur.
The centaur is heavily wounded.
The centaur misses you.
You hit the centaur.
The centaur looks as sick as possible!
The centaur is severely wounded.
The centaur hits you!
The howler monkey hoots and howls with incredible vigour!
You hear a shout!
The centaur hits you.
* * * LOW HITPOINT WARNING * * *
The centaur hits you.
* * * LOW HITPOINT WARNING * * *
The crimson imp blinks!
The centaur wields an uncursed shortbow.
The centaur shoots an arrow.
The arrow hits you!
You die...

#..[.......#......
##.##########.#.### #.#
....#... #.### .####### ###
#...# # ....... ..
###.#######....# ..
#...#..........# # ...
#.###..........# .# ... #.#
#.......@..##... ..# #.#
#...........'....######.#
#.###........c.##.........#.#
#...'.........h# .......#.#
#####.......#.............#.#
#.....ยง.#........W.......
#.......#........h...?##.
#.......#............. #.
#.......##............ #.


You could see a centaur and a howler monkey.

Vanquished Creatures
  Sigmund (D:2)
  The ghost of Rwicked the Shooter, an amateur MiHu (D:4)
  A scorpion (D:4)
  3 orc priests (D:3)
  A hound (D:2)
  An orc wizard (D:3)
  Jessica (D:2)
  Natasha (thrice) (D:2)
  A worker ant (D:4)
  3 adders
  2 oozes
  4 adder zombies
  An adder skeleton (D:4)
  4 worms
  3 dart slugs
  2 leopard geckos (D:3)
  9 orcs (D:3)
  9 giant cockroaches
  11 goblins
  4 jackals (D:3)
  2 quokkas
  A ball python (D:1)
  3 bats
  8 frilled lizards
  A giant cockroach zombie (D:1)
  A jackal skeleton (D:2)
  9 kobolds
  25 rats
115 creatures vanquished.

Notes
Turn   | Place    | Note
-------+----------+-------------------------------------------
     0 | D:1      | tev the Spriggan Assassin began the quest for the Orb.
     0 | D:1      | Reached XP level 1. HP: 10/10 MP: 2/2
    55 | D:1      | Reached skill level 6 in Stealth
    55 | D:1      | Reached XP level 2. HP: 7/14 MP: 3/3
  1560 | D:1      | You fall through a shaft!
  1560 | D:2      | Found a snail-covered altar of Cheibriados.
  1560 | D:2      | Noticed Natasha
  1578 | D:2      | Killed Natasha
  1578 | D:2      | Reached skill level 7 in Stealth
  1578 | D:2      | Reached XP level 3. HP: 3/18 MP: 4/4
  2007 | D:2      | Noticed Jessica
  2018 | D:2      | Noticed Natasha
  2021 | D:2      | Killed Jessica
  2021 | D:2      | Reached XP level 4. HP: 13/23 MP: 5/5
  2212 | D:2      | Reached skill level 8 in Stealth
  2360 | D:2      | Noticed Sigmund
  2383 | D:2      | Killed Sigmund
  2383 | D:2      | Reached skill level 9 in Stealth
  2383 | D:2      | Reached XP level 5. HP: 20/26 MP: 6/6
  2383 | D:2      | Reached XP level 6. HP: 23/30 MP: 7/7
  2483 | D:2      | Killed Natasha
  2989 | D:2      | Noticed Natasha
  2997 | D:2      | Killed Natasha
  4526 | D:3      | Reached XP level 7. HP: 35/35 MP: 8/8
  4621 | D:3      | Reached skill level 10 in Stealth
  5100 | D:4      | Reached skill level 5 in Short Blades
  5275 | D:4      | Noticed Rwicked's ghost (amateur MiHu)
  5294 | D:4      | Killed Rwicked's ghost
  5598 | D:4      | You fall through a shaft!
  5598 | D:5      | Entered Level 5 of the Dungeon
  6022 | D:5      | Shot with an arrow by a centaur

Skill      XL: |  1  2  3  4  5  6  7 |
---------------+----------------------+-----
Stealth        | 6 7 9 10 | 10.0
Dodging        | 2 3 4 |  4.9
Fighting       | 2 |  2.2
Short Blades   | 3 4 5 |  5.6
Throwing       | |  2.4

Action                   |  1- 3 |  4- 6 |  7- 9 || total
-------------------------+-------+-------+-------++-------
Melee: Dagger            |    85 |   196 |    86 ||   367
  Use: Scroll            |     2 |     3 |     5 ||    10
       Potion            |     1 |       |       ||     1
 Stab: Sleeping          |     6 |    16 |    11 ||    33
       Distracted        |       |     2 |     2 ||     4
  Eat: Ration            |       |     1 |     1 ||     2
Armor: Robe              |     5 |    18 |     3 ||    26
Dodge: Dodged            |    46 |   126 |    50 ||   222
